 Dungeon Crawl Stone Soup version 0.22-a0-596-gfbd32a6 (webtiles) character file.

136 galech the Skirmisher (level 5, -1/57 HPs)
             Began as an Ogre Berserker on July 5, 2018.
             Was a Believer of Trog.
             Killed from afar by an orc wizard (7 damage)
             ... with a magic dart
             ... on level 3 of the Dungeon.
             The game lasted 00:03:25 (2272 turns).

galech the Skirmisher (Ogre Berserker)              Turns: 2272, Time: 00:03:26

Health: -1/57      AC:  4    Str: 21    XL:     5   Next: 19%
Magic:  5/5        EV: 11    Int:  8    God:    Trog [**....]
Gold:   196        SH:  0    Dex:  9    Spells: 4/4 levels left

rFire    . . .     SeeInvis .   a - +0 mace
rCold    . . .     Gourm    .   (no shield)
rNeg     . . .     Faith    .   b - +1 animal skin
rPois    +         Spirit   .   (helmet restricted)
rElec    .         Reflect  .   (no cloak)
rCorr    .         Harm     .   (gloves unavailable)
MR       .....                  (boots unavailable)
Stlth    +.........             (no amulet)
HPRegen  0.19/turn              n - ring of poison resistance
MPRegen  0.09/turn              (no ring)

@: berserk cooldown, slowed, very slow
A: large, unfitting armour, tough skin 1
a: Berserk, Trog's Hand, Renounce Religion


You were on level 3 of the Dungeon.
You worshipped Trog.
Trog was pleased with you.
You were near starving.

You visited 1 branch of the dungeon, and saw 3 of its levels.

You collected 196 gold pieces.

Inventory:

Hand Weapons
 a - a +0 mace (weapon)
Armour
 b - a +1 animal skin (worn)
Jewellery
 n - a ring of poison resistance (left hand)
Scrolls
 d - a scroll of fog {unknown}
 f - a scroll of enchant weapon {unknown}
 g - a scroll of amnesia {unknown}
 l - a scroll of fear {unknown}
 m - 2 scrolls of teleportation
 p - 2 scrolls of magic mapping
 q - a scroll of identify
 v - a scroll of immolation
Potions
 e - a potion of haste
 h - 2 potions of might {unknown}
 i - a potion of curing {unknown}
 j - 4 potions of heal wounds {unknown}
 k - a potion of agility {unknown}
 o - a potion of flight {unknown}
 r - a potion of degeneration {unknown}
Comestibles
 c - 5 rations
 u - 4 chunks of flesh


   Skills:
 + Level 5.1 Fighting
 + Level 3.8 Maces & Flails
 + Level 3.6 Dodging
 + Level 0.3 Stealth


You had 4 spell levels left.
You didn't know any spells.
Your spell library was empty.

Dungeon Overview and Level Annotations

Branches:
Dungeon (3/15)

Altars:
Ashenzari
Qazlal
Uskayaw
Vehumet


Innate Abilities, Weirdness & Mutations

You are too large for most types of armour.
You have tough skin. (AC +1)


Message History

Items here: ) ††† a club; a jackal corpse; an orc corpse; a worm corpse You hit the orc wizard.
The orc wizard is heavily wounded.
The orc wizard hits you with a dagger.
* * * LOW HITPOINT WARNING * * *
The orc wizard points at you and mumbles some strange words.
The magic dart hits you!
* * * LOW HITPOINT WARNING * * *
You miss the orc wizard.
The orc wizard is heavily wounded.
The orc wizard casts a spell at you.
You feel as though you will be slow longer.
The orc wizard points at you and mumbles some strange words.
You resist with some effort.
You closely miss the orc wizard.
The orc wizard is heavily wounded.
The orc wizard gestures at you while chanting.
The magic dart hits you!
You die...

...8).# ......# ### ...8..# #..
......# #.. ...8..######## #.[
.............# *#######* #..
...######....# *(...?..* #..
...######....#####.......*****#..
...#....'.......@o.......,,,,,+..
...#.####....#####.......*****#..
...#.# ###### *.......* ####.#
)..#.# *#######* #....( ..##.#
#.##.. ..##.### ##########,*#..
.......############........#.##..
....>...)..)...)...........#.....
.......############.#....#.####.#


You could see an orc wizard.

Vanquished Creatures
  A bullfrog zombie (D:3)
  3 adders (D:2)
  An ooze (D:1)
  A worm (D:3)
  2 dart slugs
  2 leopard geckos
  9 orcs (D:3)
  A giant cockroach (D:2)
  10 goblins
  4 hobgoblins
  2 jackals (D:3)
  4 kobolds (D:3)
  3 quokkas
  A bat (D:1)
  3 frilled lizards
  7 rats
54 creatures vanquished.

Notes
Turn   | Place    | Note
-------+----------+-------------------------------------------
     0 | D:1      | galech the Ogre Berserker began the quest for the Orb.
     0 | D:1      | Reached XP level 1. HP: 24/24 MP: 1/1
   427 | D:1      | Reached XP level 2. HP: 32/32 MP: 2/2
   877 | D:2      | Reached XP level 3. HP: 32/40 MP: 3/3
  1082 | D:2      | Found a radiant altar of Vehumet.
  1229 | D:2      | Found a shattered altar of Ashenzari.
  1527 | D:3      | Reached XP level 4. HP: 44/49 MP: 4/4
  1694 | D:3      | Found a stormy altar of Qazlal.
  1733 | D:3      | Reached ** piety under Trog
  1897 | D:3      | Reached skill level 5 in Fighting
  2152 | D:3      | Reached XP level 5. HP: 42/57 MP: 5/5
  2189 | D:3      | Found a hide-covered altar of Uskayaw.
  2272 | D:3      | Killed from afar by an orc wizard

Vault maps used:
D:1:      co_arrival_random_square_maze
D:2:      vehumet_crystals, nicolae_overflow_hidden_temple, first_ration
D:3:      eat_drink_and_be_merry_uskayaw, old_standard_altar

Skill      XL: |  1  2  3  4 |
---------------+-------------+-----
Dodging        | 3 |  3.6
Maces & Flails | 3 |  3.8
Fighting       | 5 |  5.1
Stealth        | |  0.3

Action                   |  1- 3 |  4- 6 || total
-------------------------+-------+-------++-------
Melee: Mace              |    86 |   116 ||   202
Invok: Berserk           |     1 |     3 ||     4
       Trog's Hand       |       |     1 ||     1
  Use: Scroll            |       |     6 ||     6
 Stab: Distracted        |       |     1 ||     1
  Eat: Chunk             |     3 |     4 ||     7
Armor: Animal skin       |    21 |    24 ||    45
Dodge: Dodged            |    53 |    65 ||   118

Table legend:
 A = Spawn XP
 B = Non-spawn XP
 C = Spawn XP percentage of total XP
 D = Spawn monster count
 E = Non-spawn monster count
 F = Spawn count percentage of total count
 G = Total turns spent on level
                    A         B        C        D         E        F      G
               +---------+---------+-------+---------+---------+-------+---------
         Total |       0 |     195 |   0.0 |       0 |      54 |   0.0 |  2272
               +---------+---------+-------+---------+---------+-------+---------
           D:1 |       0 |      24 |   0.0 |       0 |      12 |   0.0 |   748
           D:2 |       0 |      54 |   0.0 |       0 |      10 |   0.0 |   716
           D:3 |       0 |     117 |   0.0 |       0 |      32 |   0.0 |   808
               +---------+---------+-------+---------+---------+-------+---------
